Map: [ESL] Royal Blood

Players

RiSky

  • Race: Zerg Zerg
  • League: Master
  • Spawn Location: 1:00

LiquidElazer (Elazer) - Winner!

  • Race: Zerg Zerg
  • League: Master
  • Spawn Location: 7:00

Event: HomeStory Cup XXIII

VOD

Have the link to the VOD?

Description

Time

  • Played on: July 1, 2023, 7:40 a.m.
  • Length: 4:39

All games in this series

Show
View Real Time Build Order
Export as new Build Order

RiSky Zerg 

Build Orders: Hatch First 

Get SALT Encoding   

  12  0:00  Drone  
  13  0:11  Overlord  
  13  0:16  Drone  
  14  0:30  Drone x2  
  16  0:48  Hatchery  
  15  0:50  Drone  
  15  0:55  Drone  
  17  0:57  Drone  
  18  1:12  Spawning Pool  
  18  1:15  Drone  
  19  1:18  Drone  
  19  1:38  Hatchery  
  19  1:39  Extractor  
  17  1:42  Drone  
  17  1:45  Drone  
  19  1:59  Queen  
  21  2:03  Queen  
  21  2:07  Drone  
  24  2:12  Overlord  
  24  2:16  Drone  
  24  2:21  Drone  
  26  2:25  Drone  
  26  2:27  Drone  
  28  2:31  Drone  
  28  2:32  Drone  
  28  2:35  Drone  
  31  2:43  Drone x2  
  33  2:50  Drone  
  34  2:53  Drone  
  35  2:59  Drone  
  35  3:00  Queen  
  35  3:02  Lair  
  38  3:07  Drone x2  
  38  3:08  Drone  
  41  3:13  Drone  
  41  3:18  Overlord  
  42  3:22  Overlord  
  42  3:28  Evolution Chamber  
  42  3:31  Drone  
  42  3:36  Roach Warren  
  42  3:39  Drone, Evolution Chamber  
  42  3:40  Drone  
  42  3:43  Drone  
  42  3:44  Drone x4  
  47  3:48  Drone  
  47  3:49  Drone  
  47  3:52  Drone  
  50  3:56  Drone  
  50  3:57  Extractor  
  50  3:58  Extractor  
  49  4:07  Drone x2  
  52  4:13  Evolution Chamber  
  49  4:22  Drone  
Show
View Real Time Build Order
Export as new Build Order

LiquidElazer Zerg - Winner!

Build Orders: Hatch First 

Get SALT Encoding   

  12  0:00  Drone  
  13  0:12  Overlord  
  13  0:16  Drone  
  14  0:30  Drone x2  
  16  0:47  Hatchery  
  15  0:50  Drone  
  15  0:53  Drone  
  17  0:57  Drone  
  18  1:07  Extractor  
  17  1:12  Spawning Pool  
  17  1:15  Drone  
  17  1:18  Drone  
  18  1:28  Drone  
  19  1:39  Drone  
  20  1:49  Drone  
  21  1:59  Queen x2  
  21  2:00  Zergling x2  
  26  2:01  Overlord  
  26  2:07  Metabolic Boost  
  26  2:10  Drone  
  26  2:11  Drone  
  28  2:22  Drone x2  
  30  2:32  Drone x2  
  32  2:42  Hatchery, Overlord  
  31  2:44  Drone  
  32  2:58  Drone x2  
  34  3:08  Zergling x14, Baneling Nest  
  34  3:12  Zergling x2  
  41  3:20  Zergling x2  
  41  3:21  Zergling x2  
  43  3:29  Overlord  
  43  3:38  Zergling x2  
  44  3:46  Queen  
  44  3:47  Drone x6  
  52  3:54  Drone x3  
  55  4:00  Overlord  
  55  4:02  Drone  
  56  4:05  Drone  
  56  4:14  Drone x2  
  56  4:17  Roach Warren  
  56  4:20  Drone x7  
  61  4:31  Extractor x2  
Tags
 
Add a new tag
Caveats
  • Supply blocks, unpowered buildings, or Contaminate may cause inaccurate times.
  • Supply counts are checked every 10 seconds.